 Dungeon Crawl Stone Soup version 0.19-a0-1686-g35356ef (webtiles) character file.

30 st0uf the Chopper (level 3, 0/28 HPs)
             Began as a Demonspawn Gladiator on Sept 25, 2016.
             Slain by an orc
             ... wielding a +2 mace of crushing
              (7 damage)
             ... on level 3 of the Dungeon.
             The game lasted 00:03:05 (862 turns).

st0uf the Chopper (Demonspawn Gladiator)             Turns: 862, Time: 00:03:05

Health: 0/28       AC:  5    Str: 16    XL:     3   Next: 3%
Magic:  3/3        EV: 12    Int:  9    God:
Gold:   111        SH:  0    Dex: 13    Spells: 0 memorised, 2 levels left

rFire  . . .     SeeInvis .     a - +0 war axe
rCold  . . .     Gourm    .     b - +0 leather armour
rNeg   . . .     Faith    .     (no shield)
rPois  .         Spirit   .     (helmet restricted)
rElec  .         Dismiss  .     (no cloak)
rCorr  .         Reflect  .     (no gloves)
MR     .....     Harm     .     e - +0 pair of boots
Stlth  +.........               (no amulet)
                                (no ring)
                                (no ring)

@: no status effects
A: horns 1, rot immunity
a: no special abilities


You were on level 3 of the Dungeon.
You were not hungry.

You visited 1 branch of the dungeon, and saw 4 of its levels.

You collected 111 gold pieces.

Inventory:

Hand Weapons
 a - a +0 war axe (weapon)
Missiles
 d - 3 throwing nets (quivered)
Armour
 b - a +0 leather armour (worn)
 c - a +0 helmet
 e - a +0 pair of boots (worn)
Scrolls
 i - 4 scrolls of identify {unknown}
 j - a scroll of remove curse {unknown}
 l - a scroll of random uselessness {unknown}
Potions
 g - a potion of brilliance {unknown}
 h - a potion of ambrosia {unknown}
 k - a potion of might {unknown}
 m - a potion of agility {unknown}
 n - a potion of flight {unknown}
Comestibles
 f - a bread ration


   Skills:
 * Level 2.7 Fighting
 * Level 3.1 Axes
 - Level 1.7 Throwing
 + Level 0.6 Armour
 + Level 2.8 Dodging


You had 2 spell levels left.
You didn't know any spells.

Dungeon Overview and Level Annotations

Branches:
Dungeon (4/15)
 Temple: D:4-7

Altars:
Gozag
Trog


Innate Abilities, Weirdness & Mutations

You have a pair of small horns on your head.
You are immune to rotting.


Message History

Increase (S)trength, (I)ntelligence, or (D)exterity?
You feel stronger.
Your demonic ancestry asserts itself...
A pair of horns grows on your head!
Your +0 helmet falls away!
You hit the orc. Your headbutt misses the orc.
The orc is severely wounded.
The orc hits you with a mace of crushing!
You hit the orc but do no damage. Your headbutt misses the orc.
The orc is severely wounded.
The orc hits you with a mace of crushing.
* * * LOW HITPOINT WARNING * * *
The orc barely misses you.
Unknown command.
You barely miss the orc.
The orc is severely wounded.
The orc hits you but does no damage.
You barely miss the orc.
The orc is severely wounded.
The orc hits you with a mace of crushing!
You die...

.........#.....
...............
#..#......#..
##############..##........
....##.......#..##..#..#..#
................##..####...
....##.......#..oo.........
##...........#.#o#(..###..
#####.......#.#@##..##
#.......#...##...#
###.......##...#...#
#.....>...##.#.##..#
####.#.################
.....### .##### .# .#


You could see 3 orcs.

Vanquished Creatures
  An adder (D:2)
  An orc (D:3)
  A ball python (D:1)
  3 goblins
  3 hobgoblins
  A quokka (D:3)
  5 bats
  3 frilled lizards
  2 kobolds (D:1)
  A rat (D:2)
21 creatures vanquished.

Notes
Turn   | Place    | Note
-------+----------+-------------------------------------------
     0 | D:1      | st0uf the Demonspawn Gladiator began the quest for the Orb.
     0 | D:1      | Reached XP level 1. HP: 16/16 MP: 1/1
   236 | D:1      | Gained mutation: You are immune to rotting. [demonic ancestry]
   236 | D:1      | Reached XP level 2. HP: 20/23 MP: 2/2
   277 | D:2      | Found a bloodstained altar of Trog.
   465 | D:2      | Reached skill level 3 in Axes
   480 | D:2      | Found an opulent altar of Gozag.
   858 | D:3      | Gained mutation: You have a pair of small horns on your head. [demonic ancestry]
   858 | D:3      | Reached XP level 3. HP: 24/28 MP: 3/3
   862 | D:3      | Slain by an orc

Vault maps used:
D:1:      grunt_arrival_crossed_arrows
D:2:      lemuel_round_altar, nicolae_gozag_seed_capital
D:3:      lemuel_zombie_altar_yredelemnul, nicolae_tso_carved_into_rock
D:4:      first_bread

Skill      XL: |  1  2 |
---------------+-------+-----
Axes           | 3 |  3.1
Fighting       | |  2.7
Throwing       | |  1.7
Armour         | |  0.6
Dodging        | |  2.8

Action                   || total
-------------------------++-------
Melee: War axe           ||    68
Armor: Leather armour    ||    29
Dodge: Dodged            ||    42
